 Dungeon Crawl Stone Soup version 0.28-a0-796-gd4f0d3f9b2 (webtiles) character file.

Game seed: 10876471796692948083

111 Gargoyl the Skirmisher (level 4, 0/41 HPs)
             Began as a Gnoll Abyssal Knight on Nov 6, 2021.
             Was a Follower of Lugonu.
             Slain by a phantom (8 damage)
             ... on level 5 of the Dungeon.
             The game lasted 00:03:56 (2713 turns).

Gargoyl the Skirmisher (Gnoll Abyssal Knight)       Turns: 2713, Time: 00:03:57

Health: 0/41       AC:  8    Str: 16    XL:     4   Next: 92%
Magic:  7/7        EV: 11    Int:  9    God:    Lugonu [*.....]
Gold:   73         SH:  0    Dex: 11    Spells: 5/5 levels left

rFire   . . .      SeeInvis .   a - +1 hand axe
rCold   . . .      Faith    .   (no shield)
rNeg    . . .      Spirit   .   g - +1 ring mail
rPois   .          Reflect  .   (no helmet)
rElec   .          Harm     .   (no cloak)
rCorr   .          Rampage  .   b - +0 pair of gloves {Str+3}
Will    .....                   (no boots)
Stlth   +.........              k - amulet of the acrobat
HPRegen 0.13/turn               (no ring)
MPRegen 0.10/turn               (no ring)

@: no status effects
A: fangs 1, strong nose, distributed training, [clumsy 1]
a: Renounce Religion, Depart the Abyss


You were on level 5 of the Dungeon.
You worshipped Lugonu.
Lugonu was aware of your devotion.
You visited 1 branch of the dungeon, and saw 6 of its levels.
You visited the Abyss 1 time.

You collected 73 gold pieces.

Inventory:

Hand Weapons
 a - a +1 hand axe (weapon)
Armour
 b - a +0 pair of gloves of strength (worn)
 g - a +1 ring mail (worn)
Jewellery
 k - an amulet of the acrobat (around neck)
Wands
 c - a wand of acid (8)
 d - a wand of iceblast (2)
Potions
 e - a potion of invisibility
 j - 2 potions of heal wounds {unknown}
 l - a potion of attraction {unknown}


   Skills:
 + Level 6.6 Fighting
 + Level 1.2 Short Blades
 + Level 1.2 Long Blades
 + Level 4.7 Axes
 + Level 1.2 Maces & Flails
 + Level 1.2 Polearms
 + Level 1.2 Staves
 + Level 1.2 Slings
 + Level 1.2 Bows
 + Level 1.2 Crossbows
 + Level 1.2 Throwing
 + Level 4.7 Armour
 + Level 2.8 Dodging
 + Level 1.2 Stealth
 + Level 1.2 Shields
 + Level 1.2 Unarmed Combat
 + Level 1.2 Spellcasting
 + Level 1.0 Conjurations
 + Level 1.0 Hexes
 + Level 1.0 Summonings
 + Level 1.0 Necromancy
 + Level 1.0 Translocations
 + Level 1.0 Transmutations
 + Level 1.0 Fire Magic
 + Level 1.0 Ice Magic
 + Level 1.0 Air Magic
 + Level 1.0 Earth Magic
 + Level 1.0 Poison Magic
 + Level 4.7 Invocations
 + Level 1.2 Evocations


You had 5 spell levels left.
You didn't know any spells.
Your spell library contained the following spells:

 Spells                   Type           Power      Damage    Failure   Level
 Shock                    Conj/Air       8%         1d3       38%         1
 Swiftness                Air            2%         N/A       77%         3
 Airstrike                Air            1%         N/A       99%         4


Dungeon Overview and Level Annotations

Branches:
Dungeon (6/15)
 Temple: D:4-7

Altars:

Shops:
D:1 *   D:6 =


Innate Abilities, Weirdness & Mutations

You have very sharp teeth.
Your uncanny sense of smell can sniff out nearby items.
Your experience applies equally to all skills.
[You are clumsy. (Dex -2)]


Message History

You kill the gnoll!
Lugonu accepts your kill.
You hit the phantom. You barely miss the gnoll.
The gnoll hits you but does no damage. The phantom hits you.
Unknown command.
You closely miss the gnoll. Your bite misses the gnoll.
The gnoll is heavily wounded.
You barely miss the phantom. The gnoll misses you. The phantom hits you.
* * * LOW HITPOINT WARNING * * *
The phantom blinks!
You blink.
Unknown command.
You feel better. The phantom hits you.
The phantom blinks!
You blink.
You hit the phantom.
The phantom is heavily damaged.
The phantom hits you but does no damage.
You miss the phantom.
The phantom is heavily damaged.
The phantom barely misses you.
You hit the phantom but do no damage.
The phantom is heavily damaged.
The phantom closely misses you.
You hit the phantom. You bite the phantom.
The phantom is heavily damaged.
The phantom hits you.
The phantom blinks!
You blink.
A gnoll comes into view. It is wielding a +0 spear.
You slash the phantom!
The phantom is almost destroyed.
The phantom hits you but does no damage.
The phantom misses you.
The gnoll hits you from afar with a +0 spear.
* * * LOW HITPOINT WARNING * * *
The gnoll completely misses you.
You hit the gnoll.
The gnoll is almost dead.
You miss the phantom. The phantom hits you.
* * * LOW HITPOINT WARNING * * *
The phantom blinks!
You blink.
It was a potion of cancellation.
You feel magically purged. The phantom hits you!
You die...

#.....# #.....#
#.....# #.....#
#.....# ∆
#.....########
#.............
#@.g..........
#W............
#............. .
#.............
..#g.§§......... .
....'.....########
...#####+####+#.....#
..........g.........#
.........§.)........#


You could see a phantom and 2 gnolls.

Vanquished Creatures
  4 gnolls
  An adder (D:3)
  A white imp (D:3)
  3 dart slugs
  3 ball pythons
  2 endoplasms
  3 giant cockroaches
  8 goblins
  3 hobgoblins
  4 jackals (D:3)
  6 kobolds
  4 quokkas
  2 bats (D:1)
  4 rats
  A spectral hobgoblin (D:1)
49 creatures vanquished.

Notes
Turn   | Place    | Note
-------+----------+-------------------------------------------
     0 | Abyss:1  | Gargoyl the Gnoll Abyssal Knight began the quest for the
                  | Orb.
     0 | Abyss:1  | Reached XP level 1. HP: 23/23 MP: 3/3
   129 | Abyss:2  | Noticed a wretched star
   130 | Abyss:2  | Found a shadowy altar of Dithmenos.
   143 | Abyss:2  | Identified a scroll of acquirement
   143 | Abyss:2  | Acquired a +0 pair of gloves of strength
   156 | D:1      | Escaped the Abyss
   316 | D:1      | Found Kubutin's Assorted Antiques.
   332 | D:1      | Reached XP level 2. HP: 25/29 MP: 5/5
   609 | D:1      | Reached * piety under Lugonu
   706 | D:1      | Found a faded altar of an unknown god.
   722 | D:1      | Reached XP level 3. HP: 35/35 MP: 6/6
  1721 | D:3      | Reached skill level 1 in Short Blades
  1721 | D:3      | Reached skill level 1 in Long Blades
  1721 | D:3      | Reached skill level 1 in Maces & Flails
  1721 | D:3      | Reached skill level 1 in Polearms
  1721 | D:3      | Reached skill level 1 in Staves
  1721 | D:3      | Reached skill level 1 in Slings
  1721 | D:3      | Reached skill level 1 in Bows
  1721 | D:3      | Reached skill level 1 in Crossbows
  1721 | D:3      | Reached skill level 1 in Throwing
  1721 | D:3      | Reached skill level 1 in Stealth
  1721 | D:3      | Reached skill level 1 in Shields
  1721 | D:3      | Reached skill level 1 in Unarmed Combat
  1721 | D:3      | Reached skill level 1 in Spellcasting
  1721 | D:3      | Reached skill level 1 in Evocations
  1778 | D:3      | Reached XP level 4. HP: 20/41 MP: 7/7
  2265 | D:3      | Reached skill level 1 in Conjurations
  2265 | D:3      | Reached skill level 1 in Hexes
  2265 | D:3      | Reached skill level 1 in Summonings
  2265 | D:3      | Reached skill level 1 in Necromancy
  2265 | D:3      | Reached skill level 1 in Translocations
  2265 | D:3      | Reached skill level 1 in Transmutations
  2265 | D:3      | Reached skill level 1 in Fire Magic
  2265 | D:3      | Reached skill level 1 in Ice Magic
  2265 | D:3      | Reached skill level 1 in Air Magic
  2265 | D:3      | Reached skill level 1 in Earth Magic
  2265 | D:3      | Reached skill level 1 in Poison Magic
  2671 | D:4      | You fall into a shaft and drop 2 floors!
  2671 | D:6      | Found Plog's Jewellery Boutique.
  2677 | D:5      | Entered Level 5 of the Dungeon
  2688 | D:5      | Noticed a phantom
  2713 | D:5      | Slain by a phantom

Illustrated notes

Levels and vault maps discovered:
D:1:      ncdulo_lavacross, layout_basic, serial_shops, shop,
          dreamdust_ecumenical_altar_drowned_temple, minmay_tripent
D:2:      layout_basic
D:3:      layout_loops_cross, hex_large
D:4:      layout_basic, mainiacjoe_overflow_brackets, lightli_sewer_entry_pipes
D:5:      layout_gridville, nicolae_yredelemnul_corpse_copse, temple_fountains,
          serial_shops, shop_statue
D:6:      layout_rooms, nicolae_sif_muna_condensation, gammafunk_ghost_icy,
          serial_shops, nicolae_stop_n_shop_2, hangedman_decor_diamond_cutter

Skill      XL: |  1  2  3  4 |
---------------+-------------+-----
Short Blades   | 1 |  1.2
Long Blades    | 1 |  1.2
Maces & Flails | 1 |  1.2
Polearms       | 1 |  1.2
Staves         | 1 |  1.2
Slings         | 1 |  1.2
Bows           | 1 |  1.2
Crossbows      | 1 |  1.2
Throwing       | 1 |  1.2
Stealth        | 1 |  1.2
Shields        | 1 |  1.2
Unarmed Combat | 1 |  1.2
Spellcasting   | 1 |  1.2
Evocations     | 1 |  1.2
Conjurations   | 1 |  1.0
Hexes          | 1 |  1.0
Summonings     | 1 |  1.0
Necromancy     | 1 |  1.0
Translocations | 1 |  1.0
Transmutations | 1 |  1.0
Fire Magic     | 1 |  1.0
Ice Magic      | 1 |  1.0
Air Magic      | 1 |  1.0
Earth Magic    | 1 |  1.0
Poison Magic   | 1 |  1.0
Fighting       | |  6.6
Axes           | |  4.7
Armour         | |  4.7
Dodging        | |  2.8
Invocations    | |  4.7

Action                   |  1- 3 |  4- 6 || total
-------------------------+-------+-------++-------
Melee: Hand axe          |   119 |    47 ||   166
       Bite              |     4 |     6 ||    10
Invok: Depart the Abyss  |     1 |       ||     1
  Use: Scroll            |     7 |     2 ||     9
       Potion            |       |     2 ||     2
Armor: Ring mail         |    55 |    14 ||    69
Dodge: Dodged            |    64 |    38 ||   102

Table legend: (Time is in decaauts)
 A = Elapsed time spent in this place.
 B = Non-inter-level travel time spent in this place.
 C = Inter-level travel time spent in this place.
 D = Time resting spent in this place.
 E = Time spent auto-exploring this place.
 F = Levels seen in this place.
 G = Mean time per level.
                   A        B        C        D        E       F      G
               +--------+--------+--------+--------+--------+-----+--------+
         Total |   2733 |   2667 |     66 |    280 |   1839 |   8 |  341.6 |
       Dungeon |   2577 |   2511 |     66 |    280 |   1739 |   6 |  429.5 |
         Abyss |    156 |    156 |      0 |      0 |     99 |   2 |   78.0 |
               +--------+--------+--------+--------+--------+-----+--------+

Top non-repeatable levels by time:
     D:2: 982 daAuts
     D:1: 789 daAuts
     D:3: 758 daAuts
 Abyss:2: 103 daAuts
 Abyss:1: 52 daAuts
     D:5: 36 daAuts
     D:6: 5 daAuts
     D:4: 4 daAuts
